 Dungeon Crawl Stone Soup version 0.21-a0-442-g848f44b (webtiles) character file.

196 Espgualade the Skirmisher (level 5, -6/35 HPs)
             Began as a Tengu Ice Elementalist on Nov 13, 2017.
             Mangled by an ogre
             ... wielding a +0 giant club
              (10 damage)
             ... on level 2 of the Dungeon.
             The game lasted 00:09:32 (3772 turns).

Espgualade the Skirmisher (Tengu Ice Elementalist)  Turns: 3772, Time: 00:09:33

Health: -6/35      AC:  8    Str:  8    XL:     5   Next: 75%
Magic:  4/9        EV: 13    Int: 16    God:
Gold:   137        SH:  0    Dex: 15    Spells: 2/8 levels left

rFire    . . .     SeeInvis .   h - +1 dagger
rCold    . . .     Gourm    .   (no shield)
rNeg     . . .     Faith    .   a - +1 robe
rPois    .         Spirit   .   (helmet restricted)
rElec    .         Reflect  .   (no cloak)
rCorr    .         Harm     .   (no gloves)
MR       .....     Rnd*Tele +   (boots unavailable)
Stlth    ++........             (no amulet)
HPRegen  0.11/turn              n - ring of teleportation (curse)
MPRegen  0.11/turn              (no ring)

@: icy armour, slow
A: beak, talons 3, able to fly 1
a: Fly


You were on level 2 of the Dungeon.
You were very hungry.

You visited 1 branch of the dungeon, and saw 3 of its levels.

You collected 137 gold pieces.

Inventory:

Hand Weapons
 h - a +1 dagger (weapon)
Armour
 a - a +1 robe (worn)
Jewellery
 n - a cursed ring of teleportation (left hand)
Scrolls
 d - 2 scrolls of amnesia
 k - a scroll of enchant weapon
Potions
 i - 3 potions of curing
Books
 b - a book of Frost

   Spells                             Type                      Level
   a - Freeze                         Ice                          1
   b - Throw Frost                    Conjuration/Ice              2
   c - Ozocubu's Armour               Charms/Ice                   3
   d - Throw Icicle                   Conjuration/Ice              4
   e - Summon Ice Beast               Ice/Summoning                4
Comestibles
 c - 3 bread rations
 f - 3 fruits
 m - a meat ration


   Skills:
 - Level 5.0 Fighting
 + Level 2.5 Dodging
 + Level 2.3 Stealth
 - Level 2.0 Spellcasting
 - Level 1.3 Conjurations
 - Level 2.6 Ice Magic


You had 2 spell levels left.
You knew the following spells:

 Your Spells              Type           Power        Failure   Level  Hunger
a - Freeze                Ice            ##..         7%          1    #......
b - Throw Frost           Conj/Ice       #.....       14%         2    ###....
c - Ozocubu's Armour      Chrm/Ice       #.......     34%         3    ###....


Dungeon Overview and Level Annotations

Branches:
Dungeon (3/15)

Altars:
Dithmenos
Ru
Sif Muna
Wu Jian


Innate Abilities, Weirdness & Mutations

You have a beak for a mouth.
You have claws for feet.
You can fly.


Message History

Aiming: Freeze
Press: ? - help, Shift-Dir - straight line, f/p - ogre
Aim: an ogre, wielding a giant club (lightly wounded)
You freeze the ogre.
The ogre is lightly wounded.
The ogre closely misses you.
Casting: Freeze
Confirm with . or Enter, or press ? or * to list all spells.
Aiming: Freeze
Press: ? - help, Shift-Dir - straight line, f/p - ogre
Aim: an ogre, wielding a giant club (lightly wounded)
You freeze the ogre.
The ogre is moderately wounded.
The ogre hits you with a giant club!!
Ouch! That really hurt!
* * * LOW HITPOINT WARNING * * *
You are starting to lose your buoyancy.
You float gracefully downwards.
The ogre hits you with a giant club!
You die...

#.#.#.###.# #.# #.## #.#.#.# #.#
#.# #.# #.#.#.# #.# ###.### #.#
#.#.#.# #.# #.....######.#
#.#.#.# #.#### #............##
#.#.#.###.##.###............(.
#.#.......#...#......######.##
###.#......)....O......# #....
#..............@###.#### #....
#.#...#.####.....##.# #....
#.###.#.# #.....##.# #.... #.#
#.#.# #.....##.# #..>. #.###.#.#
#>....##.# ##..# #.#.....#
#.....##.# #..#
#.#.#.#.####..#####)#########...
#...............................
###.#.#..###..###############[##


You could see an ogre.

Vanquished Creatures
  Robin (D:2)
  6 adders
  3 gnolls (D:3)
  An ooze (D:1)
  A worm (D:2)
  A leopard gecko (D:1)
  4 orcs (D:3)
  5 giant cockroaches
  20 goblins
  4 hobgoblins
  7 jackals
  7 kobolds
  A quokka (D:3)
  4 ball pythons
  13 bats
  4 frilled lizards
  7 rats
89 creatures vanquished.

Notes
Turn   | Place    | Note
-------+----------+-------------------------------------------
     0 | D:1      | Espgualade the Tengu Ice Elementalist began the quest for the Orb.
     0 | D:1      | Reached XP level 1. HP: 10/10 MP: 4/4
   214 | D:1      | Reached skill level 1 in Fighting
   256 | D:1      | Reached XP level 2. HP: 6/16 MP: 1/6
   625 | D:1      | Reached skill level 2 in Fighting
  1067 | D:1      | Reached XP level 3. HP: 22/22 MP: 7/7
  1439 | D:1      | Learned a level 2 spell: Throw Frost
  1443 | D:1      | Learned a level 3 spell: Ozocubu's Armour
  1481 | D:2      | Noticed Robin
  1510 | D:2      | Reached skill level 3 in Fighting
  1788 | D:2      | Reached XP level 4. HP: 21/28 MP: 8/8
  1941 | D:2      | Found a sacrificial altar of Ru.
  2222 | D:2      | Found an ornate altar of the Wu Jian Council.
  2332 | D:2      | Reached skill level 4 in Fighting
  2351 | D:2      | Killed Robin
  2767 | D:3      | Found a deep blue altar of Sif Muna.
  2780 | D:3      | Found a shadowy altar of Dithmenos.
  2875 | D:3      | Gained mutation: You can fly. [Tengu growth]
  2875 | D:3      | Reached XP level 5. HP: 11/34 MP: 0/9
  3460 | D:3      | Reached skill level 5 in Fighting
  3691 | D:3      | Noticed an ogre
  3772 | D:2      | Mangled by an ogre

Vault maps used:
D:1:      elethiomel_arrival_infinity_welcomes_careful_drivers
D:2:      lemuel_round_altar, nicolae_ru_the_path_less_chosen, first_bread,
          corexii_leaking_fountain, roderic_malta_cross, supply_closet_lemuel,
          uniq_robin
D:3:      minitemple

Skill      XL: |  1  2  3  4  5 |
---------------+----------------+-----
Fighting       | 1 2 3 4 5 |  5.0
Dodging        | |  2.5
Stealth        | |  2.3
Spellcasting   | |  2.0
Conjurations   | |  1.3
Ice Magic      | |  2.6

Action                   |  1- 3 |  4- 6 || total
-------------------------+-------+-------++-------
Melee: Unarmed           |    41 |       ||    41
       Peck              |    10 |    21 ||    31
       Kick              |    16 |    22 ||    38
       Dagger            |    57 |   127 ||   184
 Cast: Freeze            |    24 |    35 ||    59
       Ozocubu's Armour  |       |     5 ||     5
       Throw Frost       |       |     3 ||     3
 Abil: Fly               |       |     1 ||     1
  Use: Scroll            |     2 |     5 ||     7
       Potion            |     1 |     3 ||     4
 Stab: Sleeping          |     8 |     8 ||    16
  Eat: Chunk             |     3 |     7 ||    10
Armor: Robe              |    12 |    31 ||    43
Dodge: Dodged            |    71 |    97 ||   168

Table legend:
 A = Spawn XP
 B = Non-spawn XP
 C = Spawn XP percentage of total XP
 D = Spawn monster count
 E = Non-spawn monster count
 F = Spawn count percentage of total count
 G = Total turns spent on level
                    A         B        C        D         E        F      G
               +---------+---------+-------+---------+---------+-------+---------
         Total |       0 |     281 |   0.0 |       0 |      89 |   0.0 |  3772
               +---------+---------+-------+---------+---------+-------+---------
           D:1 |       0 |      46 |   0.0 |       0 |      23 |   0.0 |  1444
           D:2 |       0 |      91 |   0.0 |       0 |      32 |   0.0 |  1333
           D:3 |       0 |     144 |   0.0 |       0 |      34 |   0.0 |   995
               +---------+---------+-------+---------+---------+-------+---------
